 Dungeon Crawl Stone Soup version 0.17-a0-1078-g243345b (webtiles) character file.

83 abixa the Ruffian (level 4, -4/38 HPs)
             Began as a Naga Transmuter on May 19, 2015.
             Slain by Robin
             ... wielding a +0 whip
              (6 damage)
             ... on level 2 of the Dungeon.
             The game lasted 00:07:03 (1880 turns).

abixa the Ruffian (Naga Transmuter)                 Turns: 1880, Time: 00:07:03

Health: -4/38      AC:  2    Str: 12    XL:     4   Next: 44%
Magic:  0/7        EV: 10    Int: 15    God:
Gold:   12         SH:  0    Dex: 11    Spells: 2 memorised, 4 levels left

rFire  . . .     SeeInvis +     a - 18 arrows
rCold  . . .     Clarity  .     b - +0 robe
rNeg   . . .     SustAb   .     (no shield)
rPois  +         Gourm    .     (no helmet)
rElec  .         Spirit   .     (no cloak)
rCorr  .         Warding  .     (no gloves)
rMut   .         Stasis   .     (no barding)
MR     .....                    (no amulet)
Stlth  +.........               (no ring)
                                (no ring)

@: very slow, not resistant to hostile enchantments, very unstealthy
A: see invisible, deformed body, poison resistance, slowness 2, slow metabolism
1, spit poison 2, AC +1
a: Spit Poison


You were on level 2 of the Dungeon.
You were hungry.

You visited 1 branch of the dungeon, and saw 2 of its levels.

You collected 12 gold pieces.

Inventory:

Hand weapons
 j - a +0 spear
 r - a +0 hunting sling
Missiles
 a - 18 arrows (in hand)
 e - 89 stones (quivered)
 p - 23 sling bullets
Armour
 b - a +0 robe (worn)
 n - a +0 large shield
Scrolls
 f - 2 scrolls of identify {unknown}
 g - a scroll of fear {unknown}
 i - a scroll of fog {unknown}
 k - a scroll of blinking {unknown}
 o - a scroll of random uselessness {unknown}
 q - a scroll of magic mapping {unknown}
Potions
 l - 2 potions of magic {unknown}
 m - a potion of curing {unknown}
Books
 c - a book of Changes

   Spells                             Type                      Level
   a - Beastly Appendage              Transmutation                1
   b - Sticks to Snakes               Transmutation                2
   c - Spider Form                    Transmutation/Poison         3
   d - Ice Form                       Ice/Transmutation            4
   e - Blade Hands                    Transmutation                5
Comestibles
 d - a bread ration
 h - a slice of pizza


   Skills:
 - Level 1.0 Fighting
 - Level 1.5 Dodging
 + Level 5.1 Unarmed Combat
 - Level 2.0 Spellcasting
 - Level 2.0 Transmutations


You had 4 spell levels left.
You knew the following spells:

 Your Spells              Type           Power        Failure   Level  Hunger
a - Beastly Appendage     Trmt           #.....       12%         1    #......
b - Sticks to Snakes      Trmt           #.........   14%         2    ###....


Dungeon Overview and Level Annotations

Branches:
Dungeon (2/15)

Altars:

Annotations:
D:2 Robin


Innate Abilities, Weirdness & Mutations

You cannot wear boots.
Your serpentine skin is tough (AC +1).
You have supernaturally acute eyesight.
Armour fits poorly on your strangely shaped body.
Your system is resistant to poisons.
You cover ground very slowly.
You have a slow metabolism.
You can spit poison.


Message History

* * * LOW HITPOINT WARNING * * *
Robin roars a battlecry!
The hobgoblin goes into a battle-frenzy!
You swap places.
Your ball python bites Robin but does no damage.
Your ball python closely misses Robin.
Robin hits your ball python with a whip.
Your ball python dies!
Robin roars a battlecry!
The hobgoblin goes into a battle-frenzy!
Robin hits you with a whip.
* * * LOW HITPOINT WARNING * * *
Robin barely misses you.
All of the chunks of flesh in your inventory have rotted away.
Robin hits you but does no damage.
Robin roars a battlecry!
Casting: Sticks to Snakes
Confirm with . or Enter, or press ? or * to list all spells.
You create a snake!
Robin hits you with a whip.
You die...

#.# #.#
#.
#.###.#
#.
#.##..#
#.
#.##.##
#.
#.##[#
#.
#.##.#
##
#.##S#
#.##.#
#g##@#
#g##g#
#.#g.#
#...##
#####


You could see Robin, a hobgoblin (frenzied) and a friendly ball python.

Vanquished Creatures
  Natasha (D:2)
  An adder (D:2)
  A worm (D:2)
  A giant gecko (D:2)
  2 bats (D:2)
  5 giant cockroaches
  9 hobgoblins
  3 kobolds
  3 giant newts (D:1)
  9 goblins
  9 rats
44 creatures vanquished.

Notes
Turn   | Place    | Note
--------------------------------------------------------------
     0 | D:1      | abixa the Naga Transmuter began the quest for the Orb.
     0 | D:1      | Reached XP level 1. HP: 18/18 MP: 3/3
   286 | D:1      | Reached XP level 2. HP: 25/25 MP: 5/5
   355 | D:1      | Learned a level 2 spell: Sticks to Snakes
   908 | D:1      | Reached skill level 4 in Unarmed Combat
  1029 | D:2      | Reached XP level 3. HP: 28/31 MP: 6/6
  1196 | D:2      | Noticed Natasha
  1204 | D:2      | Killed Natasha
  1441 | D:2      | Reached XP level 4. HP: 28/38 MP: 7/7
  1643 | D:2      | Reached skill level 5 in Unarmed Combat
  1746 | D:2      | Noticed Robin
  1871 | D:2      | HP: 1/38 [Robin/whip (6)]
  1880 | D:2      | Slain by Robin

Vault maps used:
D:1:      dpeg_arrival_windows_large_door, hangedman_abyss_or_decor_stabs,
          dk_noncrumbling_3
D:2:      minmay_box_of_dots, uniq_robin, uniq_natasha

Action                   |  1- 3 |  4- 6 || total
-------------------------+-------+-------++-------
Melee: Unarmed           |   124 |    60 ||   184
Throw: Stone             |       |     6 ||     6
 Cast: Beastly Appendage |     2 |     3 ||     5
       Sticks to Snakes  |       |     5 ||     5
  Eat: Chunk             |     1 |     1 ||     2
